cohdb
Replays
Latest Replays
All Replays
Popular Replays
Top Player Replays
Match Explorer
How It Works
Community
CoH3 Stats
Reddit
Sign in to upload your games and track your stats! →
Sign in with Steam
Match 42635647
Unlisted
Match 42635647
Overview
Messages
Build Orders
End
Engineer Squad
Construct Barracks
Riflemen Squad
1⁄4-ton 4x4 Truck
Grenade Package
M1 Mortar Team
Infantry Support Center
Riflemen Squad
Construct Medical Station
Construct Weapon Support Center
M3 Armored Personnel Carrier
Selects Heavy Weapons
Selects Assault Carriers
Selects Exchangeable Parts
M3 Assault Carrier
Advanced Logistics
M1918 Browning Automatic Rifles
M1919 Machine Gun Team
Selects M2HB .50cal Heavy Machine Gun
M1 Mortar Team
M1919 Machine Gun Team
Construct Tank Depot
M1919 Machine Gun Team
M18 Hellcat Tank Destroyer
Riflemen Squad
Selects Gallant Stand
Selects Black Dragon Artillery Barrage
Engineer Squad
Scout Squad
M4A1 Sherman Medium Tank
M1 Mortar Team
M1919 Machine Gun Team
M1919 Machine Gun Team
Riflemen Squad
Scout Squad
M18 Hellcat Tank Destroyer
M1919 Machine Gun Team
Selects M26 Pershing Heavy Tank
TechT0nic
MonoChrome
Diccolo
cloud_drifter
0
0
Comments
sign in to comment!
No comments posted yet!